 Dungeon Crawl Stone Soup version 0.29-a0-43-g62a80824bf (webtiles) character file.

Game seed: 7660288717745156541

681 belegose the Skirmisher (level 7, -4/55 HPs)
             Began as a Demonspawn Cinder Acolyte on Feb 2, 2022.
             Was a High Priest of Ignis.
             Slain by an ogre (25 damage)
             ... on level 4 of the Dungeon.
             The game lasted 00:11:16 (5593 turns).

belegose the Skirmisher (Demonspawn Cinder Acolyte) Turns: 5593, Time: 00:11:16

Health: -4/55      AC:  6    Str: 14    XL:     7   Next: 34%
Magic:  0/8        EV: 14    Int: 15    God:    Ignis [*****.]
Gold:   181        SH:  0    Dex: 11    Spells: 8/8 levels left

rFire   + . .      SeeInvis .   b - +0 dagger (venom)
rCold   . . .      Faith    .   (no shield)
rNeg    . . .      Spirit   +   i - +0 ring mail
rPois   .          Reflect  .   (no helmet)
rElec   .          Harm     .   (no cloak)
rCorr   .          Rampage  .   (no gloves)
Will    .....                   s - +0 pair of boots {Fly}
Stlth   +.........              (no amulet)
HPRegen 0.18/turn               (no ring)
MPRegen 0.22/turn               (no ring)

@: flying
A: repulsion field 2, magic shield, magic regeneration
a: Renounce Religion, Fiery Armour, Foxfire Swarm, Rising Flame


You were on level 4 of the Dungeon.
You worshipped Ignis.
Ignis was extremely pleased with you.
You visited 1 branch of the dungeon, and saw 4 of its levels.

You collected 181 gold pieces.

Inventory:

Hand Weapons
 a - a +3 morningstar
 b - a +0 dagger of venom (weapon)
 d - a -1 mace of flaming
Missiles
 c - 178 stones (quivered)
 n - 6 datura-tipped darts
 p - 10 poisoned darts
 q - 10 boomerangs
Armour
 i - a +0 ring mail (worn)
 s - a +0 pair of boots of flying (worn)
 w - a +0 robe
Jewellery
 j - a ring of ice
 v - a ring of magical power
Wands
 y - a wand of digging (2)
Scrolls
 f - a scroll of amnesia {unknown}
 g - a scroll of immolation {unknown}
 h - 4 scrolls of identify {unknown}
 k - 2 scrolls of teleportation {unknown}
 l - a scroll of fog {unknown}
 o - 2 scrolls of magic mapping {unknown}
Potions
 e - a potion of mutation {unknown}
 m - 2 potions of might
 r - 3 potions of heal wounds {unknown}
 t - a potion of curing {unknown}
 u - a potion of attraction {unknown}
 x - a potion of brilliance {unknown}


   Skills:
 + Level 4.9 Fighting
 + Level 2.0 Short Blades
 - Level 3.8 Maces & Flails
 + Level 3.4 Armour
 + Level 3.4 Dodging
 - Level 1.0 Spellcasting
 - Level 2.6 Fire Magic


You had 8 spell levels left.
You didn't know any spells.
Your spell library contained the following spells:

 Spells                   Type           Power      Damage    Failure   Level
 Scorch                   Fire           16%        2d5       24%         2
 Inner Flame              Hex/Fire       4%         N/A       63%         3
 Ignite Poison            Fire/Tmut/Pois 3%         N/A       71%         3
 Cause Fear               Hex            0%         N/A       99%         4
 Alistair's Intoxication  Tmut/Pois      0%         N/A       100%        5
 Discord                  Hex            0%         N/A       100%        8
 Necromutation            Tmut/Necr      0%         N/A       100%        8


Dungeon Overview and Level Annotations

Branches:
Dungeon (4/15)
 Temple: D:4-7

Altars:
Uskayaw
Wu Jian

Shops:
D:3 =

Annotations:
D:2 exclusion: downstairs
D:4 exclusion: door


Innate Abilities, Weirdness & Mutations

You are surrounded by a moderate repulsion field. (EV +3)
When hurt, damage is shared between your health and your magic reserves.
You regenerate magic rapidly.


Message History

The ogre completely misses you.
You kill the ogre!
You see here a +0 club.
Things that are here:
a +0 whip; a +0 robe
Items here: ))) [[.
The ogre shouts!
The ogre closely misses you.
You see here a ball python corpse.
The scorpion barely misses you.
Things that are here:
a +0 club; a goblin corpse The scorpion barely misses you.
The scorpion stings you. The scorpion barely misses you.
The scorpion misses you.
You hit the scorpion but do no damage. Your punch misses the scorpion.
The scorpion stings you but does no damage.
You hit the scorpion.
The scorpion is poisoned.
The scorpion is lightly wounded.
The scorpion misses you.
You hit the scorpion but do no damage.
The scorpion looks as sick as possible!
The scorpion is moderately wounded.
The scorpion stings you.
You kill the scorpion!
Your Short Blades skill increases to level 2!
There is a stone staircase leading down here.
You hit the orc.
The orc is poisoned.
The orc is heavily wounded.
The orc hits you with a +0 hand axe.
You kill the orc!
You hit the dart slug but do no damage. The dart slug launches a dart at you.
The slug dart hits you but does no damage.
You hit the dart slug but do no damage. You hit the dart slug but do no damage.
The dart slug is poisoned.
The dart slug launches a dart at you. The slug dart hits you.
The ogre hits you with a +0 giant spiked club!!
You die...

###....#...####.##
##.......
#)..##.......##..#
#..##....
..##....####.###.#
#.####... ........#((#.#
#># #.# ##...
##...._.#..#.# #.# #.#
#.... ##......#..#.# #.#
#.# #.... ##......####.#
#)# #.# #....
######.......# #O# #.#
#.... .## ##.####.# #@# #.#
#.... ..# #......###w#####
#.# ##... ..##
#####..........####.#####..
...##
######.###........#####
....# #.# ####......####
###.############.##
#.........)
.)##..........#...#
#######..#.
.).#..#######.#...# ##...
(..#..# #.....# ####


You could see an ogre and a dart slug (very poisoned).

Vanquished Creatures
  An ogre (D:4)
  A phantom (D:4)
  A kobold brigand (D:4)
  A scorpion (D:4)
  A centaur skeleton (D:4)
  An orc priest (D:4)
  A hound (D:4)
  A gnoll shaman (D:4)
  4 orc wizards
  A hound skeleton (D:4)
  5 adders
  3 gnolls (D:4)
  A worm (D:4)
  A dart slug (D:2)
  16 orcs
  2 bats (D:1)
  9 endoplasms
  5 giant cockroaches
  10 hobgoblins
  2 jackals (D:1)
  2 quokkas (D:1)
  6 ball pythons
  4 frilled lizards
  5 goblins
  6 kobolds
  4 rats (D:1)
94 creatures vanquished.

Notes
Turn   | Place    | Note
-------+----------+-------------------------------------------
     0 | D:1      | belegose the Demonspawn Cinder Acolyte began the quest for
                  | the Orb.
     0 | D:1      | Reached XP level 1. HP: 18/18 MP: 2/2
   493 | D:1      | Gained mutation: You are surrounded by a mild repulsion
                  | field. (EV +2) [demonic ancestry]
   493 | D:1      | Reached XP level 2. HP: 21/24 MP: 3/3
  1328 | D:1      | Reached skill level 1 in Armour
  1471 | D:1      | Reached skill level 1 in Dodging
  1502 | D:1      | Gained mutation: You are surrounded by a moderate repulsion
                  | field. (EV +3) [demonic ancestry]
  1502 | D:1      | Reached XP level 3. HP: 24/29 MP: 4/4
  2021 | D:2      | Found a faded altar of an unknown god.
  2626 | D:2      | Gained mutation: You regenerate magic rapidly. [demonic
                  | ancestry]
  2626 | D:2      | Reached XP level 4. HP: 32/35 MP: 5/5
  3025 | D:3      | Got the Incunabulum of Transmutation and Heat
  3274 | D:3      | Found Bajid's Jewellery Shoppe.
  3305 | D:3      | Gained mutation: When hurt, damage is shared between your
                  | health and your magic reserves. [demonic ancestry]
  3305 | D:3      | Reached XP level 5. HP: 14/42 MP: 6/6
  3488 | D:3      | Reached skill level 4 in Fighting
  3735 | D:3      | Found an ornate altar of the Wu Jian Council.
  4414 | D:4      | Noticed a +0 hand axe
  4415 | D:4      | Noticed a +0 hand axe
  4416 | D:4      | Found a hide-covered altar of Uskayaw.
  4471 | D:4      | Reached XP level 6. HP: 30/48 MP: 7/7
  4891 | D:4      | Reached skill level 1 in Short Blades
  5416 | D:4      | Reached XP level 7. HP: 35/55 MP: 5/8
  5593 | D:4      | Slain by an ogre

Illustrated notes

Levels and vault maps discovered:
D:1:      scummos_arrival_checkerplants, layout_basic
D:2:      layout_basic, chequers_ecumenical_altar_simple
D:3:      wander_river, layout_basic, nicolae_wu_jian_wuxing_cycle,
          serial_shops, nicolae_square_shop, grunt_decor_clamped,
          kennysheep_generic_room_7
D:4:      layout_rooms, dancing_weapons_uskayaw, minmay_joined_circles

Skill      XL: |  1  2  3  4  5  6  7 |
---------------+----------------------+-----
Maces & Flails | 3 |  3.8
Armour         | 1 2 3 |  3.4
Dodging        | 1 2 3 |  3.4
Fighting       | 4 |  4.9
Short Blades   | 1 2 |  2.0
Spellcasting   | |  1.0
Fire Magic     | |  2.6

Action                   |  1- 3 |  4- 6 |  7- 9 || total
-------------------------+-------+-------+-------++-------
Melee: Mace              |   151 |    52 |       ||   203
       Punch             |     3 |     2 |       ||     5
       Morningstar       |       |    71 |       ||    71
       Dagger            |       |    52 |    39 ||    91
Throw: Stone             |     3 |       |       ||     3
Invok: Fiery Armour      |     1 |     1 |       ||     2
  Use: Potion            |       |     2 |       ||     2
Armor: Robe              |     6 |       |       ||     6
       Ring mail         |    23 |    55 |     8 ||    86
       Skin              |       |    10 |       ||    10
Dodge: Dodged            |   105 |    98 |    26 ||   229

Table legend: (Time is in decaauts)
 A = Elapsed time spent in this place.
 B = Non-inter-level travel time spent in this place.
 C = Inter-level travel time spent in this place.
 D = Time resting spent in this place.
 E = Time spent auto-exploring this place.
 F = Levels seen in this place.
 G = Mean time per level.
                   A        B        C        D        E       F      G
               +--------+--------+--------+--------+--------+-----+--------+
         Total |   5664 |   5287 |    377 |    808 |   3309 |   4 | 1416.0 |
       Dungeon |   5664 |   5287 |    377 |    808 |   3309 |   4 | 1416.0 |
               +--------+--------+--------+--------+--------+-----+--------+

Top non-repeatable levels by time:
     D:1: 2034 daAuts
     D:3: 1336 daAuts
     D:4: 1274 daAuts
     D:2: 1019 daAuts
